 Dungeon Crawl Stone Soup version 0.29.1-1-gd02db6906a (webtiles) character file.

Game seed: 8057847932382946378

14360 nshep25 the Severer (level 11, -22/101 HPs)
             Began as a Minotaur Fighter on Oct 5, 2022.
             Was a Priest of the Shining One.
             Annihilated by an enormous slime creature (57 damage)
             ... on level 12 of the Dungeon.
             The game lasted 00:43:00 (15258 turns).

nshep25 the Severer (Minotaur Fighter)             Turns: 15258, Time: 00:43:00

Health: -22/101    AC: 21    Str: 25    XL:     11   Next: 87%
Magic:  0/19       EV:  8    Int:  5    God:    the Shining One [***...]
Gold:   705        SH:  5    Dex: 10    Spells: 10/10 levels left

rFire   . . .      SeeInvis .   a - +2 broad axe (freeze)
rCold   . . .      Faith    .   c - +0 buckler
rNeg    + . .      Spirit   +   A - +1 plate armour
rPois   .          Reflect  .   (helmet restricted)
rElec   .          Harm     .   (no cloak)
rCorr   .          Rampage  .   z - +2 pair of gloves
Will    .....                   I - +0 pair of boots
Stlth   ..........              s - amulet of guardian spirit
HPRegen 0.26/turn               D - ring of magical power
MPRegen 0.16/turn               b - ring of flight

@: flying, glowing
A: horns 2, retaliatory headbutt
a: Renounce Religion, Divine Shield, Cleansing Flame


You were on level 12 of the Dungeon.
You worshipped the Shining One.
The Shining One was most pleased with you.
You visited 2 branches of the dungeon, and saw 13 of its levels.
You also visited: Bailey.

You collected 741 gold pieces.
You spent 36 gold pieces at shops.

Inventory:

Hand Weapons
 a - a +2 broad axe of freezing (weapon)
Missiles
 e - 15 curare-tipped darts (quivered)
 o - 4 javelins
 x - 8 atropa-tipped darts
 y - 23 boomerangs
 C - 32 poisoned darts
Armour
 c - a +0 buckler (worn)
 k - a +4 ring mail of poison resistance
 z - a +2 pair of gloves (worn)
 A - a +1 plate armour (worn)
 I - a +0 pair of boots (worn)
Jewellery
 b - a ring of flight (right hand)
 s - an amulet of guardian spirit (around neck)
 D - a ring of magical power (left hand)
Wands
 l - a wand of quicksilver (23)
 m - a wand of roots (6)
 v - a wand of flame (33)
 w - a wand of paralysis (12)
 G - a wand of digging (8)
Scrolls
 f - 5 scrolls of teleportation
 g - a scroll of brand weapon
 i - 2 scrolls of enchant weapon
 j - a scroll of blinking
 n - a scroll of identify
 q - 2 scrolls of amnesia
 u - a scroll of fear
Potions
 d - 3 potions of might
 h - 4 potions of curing
 r - 2 potions of mutation
 F - a potion of ambrosia
 H - a potion of berserk rage
 K - 3 potions of haste
 L - a potion of flight


   Skills:
 + Level 10.6 Fighting
 + Level 15.6 Axes
 + Level 2.0 Throwing
 + Level 11.4 Armour
 + Level 4.4 Dodging
 + Level 2.1 Stealth
 + Level 6.5 Shields
 + Level 0.5 Evocations


You had 10 spell levels left.
You didn't know any spells.
Your spell library contained the following spells:

 Spells                   Type           Power      Damage    Failure   Level
 Foxfire                  Conj/Fire      0%         2x1d4     99%         1
 Magic Dart               Conj           0%         1d3       99%         1
 Sandblast                Erth           0%         2d4       99%         1
 Call Imp                 Summ           0%         N/A       100%        2
 Ensorcelled Hibernation  Hex/Ice        0%         N/A       100%        2
 Passwall                 Tmut/Erth      0%         N/A       100%        2
 Conjure Flame            Conj/Fire      0%         6-21      100%        3
 Ignite Poison            Fire/Tmut/Pois 0%         N/A       100%        3
 Inner Flame              Hex/Fire       0%         N/A       100%        3
 Mephitic Cloud           Conj/Pois/Air  0%         N/A       100%        3
 Spider Form              Tmut/Pois      0%         N/A       100%        3
 Stone Arrow              Conj/Erth      0%         3d7       100%        3
 Anguish                  Hex/Necr       0%         N/A       100%        4
 Flame Wave               Conj/Fire      0%         2d4       100%        4
 Ice Form                 Ice/Tmut       0%         N/A       100%        4
 Alistair's Intoxication  Tmut/Pois      0%         N/A       100%        5
 Ignition                 Fire           0%         3d3       100%        8


Dungeon Overview and Level Annotations

Branches:
Dungeon (12/15)            Temple (1/1) D:5            Lair (0/5) D:11
    Orc (0/2) D:10         Bailey (visited)

Altars:
Ashenzari
Cheibriados
Dithmenos
Elyvilon
Gozag
Hepliaklqana
Kikubaaqudgha
Makhleb
Nemelex Xobeh
Okawaru
Qazlal
Ru
Sif Muna
Trog
Uskayaw
Vehumet
Wu Jian
Xom
Yredelemnul
Zin
The Shining One

Shops:
D:1 !


Innate Abilities, Weirdness & Mutations

You have a pair of horns on your head.
You reflexively headbutt those who attack you in melee.


Message History

The skeletal warrior is lightly damaged.
You hit the skeletal warrior but do no damage.
You headbutt the skeletal warrior!
The skeletal warrior is lightly damaged.
The skeletal warrior completely misses you.
You furiously retaliate!
You headbutt the skeletal warrior.
The large slime creature attacks as you move away!
The large slime creature hits you.
The skeletal warrior attacks as you move away!
You block the skeletal warrior's attack.
You block the large slime creature's attack.
The large slime creature attacks as you move away!
The large slime creature hits you!!
You slash the skeletal warrior!
The skeletal warrior is moderately damaged.
You slash the large slime creature! You freeze the large slime creature.
You slash the skeletal warrior!
The skeletal warrior is heavily damaged.
You hit the large slime creature. You freeze the large slime creature.
Two slime creatures merge to form an enormous slime creature.
The skeletal warrior hits you with a +0 flail!
You slash the skeletal warrior! You freeze the skeletal warrior.
You headbutt the skeletal warrior, but do no damage.
The skeletal warrior is severely damaged.
You slash the enormous slime creature! You freeze the enormous slime creature.
The skeletal warrior completely misses you.
The skeletal warrior hits you with a +0 flail.
The enormous slime creature attacks as you move away!
The enormous slime creature hits you!!!
Ouch! That really hurt!
* * * LOW HITPOINT WARNING * * *
Things that are here:
a +0 glaive; a +0 chain mail; a human skeleton The enormous slime creature attacks as you move away!
The enormous slime creature hits you!!! The Shining One protects you from harm!
Items here: )) [ | รท.
You feel much better. The enormous slime creature hits you!!!
Ouch! That really hurt!
You die...

#... #...##......#
..... #..#
#...##......# .....
#..# ##..........|#
....
#..####.#..#....######.
..##
#......................
.....##.#.#.#.#.#######
.....##.#..###zz#
#.......#.# ##J##
##.#####.# ##@# #.#
##.# ##)## ##'##
#.###).# #...## #.#)#.#
.....## #.##.# ......##
##.##.#
.......####.....####..
.......+>..............
.......####...######.#.


You could see 2 skeletal warriors and an enormous slime creature.

Vanquished Creatures
  A death knight (D:12)
  2 two-headed ogres
  4 death yaks (D:11)
  2 skeletal warriors (D:12)
  A deep elf pyromancer (D:12)
  A yaktaur (D:12)
  3 tengu conjurers
  An efreet (D:12)
  2 trolls (D:11)
  A slime creature (D:12)
  8 yaks (D:11)
  2 wraiths
  A wyvern (D:9)
  A shadow (D:10)
  7 vampire mosquitoes (D:12)
  An acid dragon (D:11)
  A water moccasin (D:7)
  6 orc warriors
  An ice beast (D:6)
  2 black bears (D:5)
  6 centaurs
  2 ogres
  9 kobold brigands
  A bullfrog (D:7)
  A scorpion (D:4)
  10 killer bees (D:9)
  13 electric eels
  5 howler monkeys
  2 jellies (D:5)
  4 hounds
  5 orc priests
  6 iguanas
  5 orc wizards
  A mummy (D:5)
  12 adders
  2 shadow imps (D:7)
  2 white imps
  A worm (D:4)
  2 dart slugs
  21 orcs
  8 ball pythons
  7 endoplasms
  2 giant cockroaches
  5 goblins
  6 hobgoblins
  7 jackals
  2 quokkas
  5 bats
  2 frilled lizards
  32 kobolds
  4 rats
238 creatures vanquished.

Vanquished Creatures (others)
  A vampire mosquito (D:12)
  An adder (D:6)
  39 plants (D:6)
41 creatures vanquished.

Grand Total: 279 creatures vanquished

Notes
Turn   | Place    | Note
-------+----------+-------------------------------------------
     0 | D:1      | nshep25 the Minotaur Fighter began the quest for the Orb.
     0 | D:1      | Reached XP level 1. HP: 19/19 MP: 0/0
   156 | D:1      | Reached XP level 2. HP: 26/27 MP: 1/1
   412 | D:1      | Found a faded altar of an unknown god.
   596 | D:1      | Found Ajeoll's Distillery.
   605 | D:1      | Bought a potion of curing for 36 gold pieces
   839 | D:2      | Reached XP level 3. HP: 33/33 MP: 2/2
   841 | D:2      | You fall into a shaft and drop 2 floors!
   865 | D:4      | Reached skill level 3 in Axes
   865 | D:4      | Reached skill level 1 in Dodging
   953 | D:4      | Reached XP level 4. HP: 40/40 MP: 3/3
   998 | D:4      | Noticed a scorpion
  1440 | D:3      | Found a bloodstained altar of Trog.
  1712 | D:3      | Found a shimmering blue altar of Sif Muna.
  1839 | D:3      | Reached skill level 4 in Axes
  1839 | D:3      | Reached XP level 5. HP: 47/47 MP: 4/4
  1999 | D:4      | Reached skill level 5 in Armour
  2065 | D:4      | Reached XP level 6. HP: 47/55 MP: 5/5
  2119 | D:4      | Reached skill level 5 in Fighting
  2119 | D:4      | Reached skill level 5 in Axes
  2236 | D:4      | Found an ornate altar of the Wu Jian Council.
  2602 | D:5      | Entered Level 5 of the Dungeon
  2909 | D:5      | Found a sacrificial altar of Ru.
  3024 | D:5      | Reached skill level 6 in Axes
  3103 | D:5      | Identified the +8 mace of Fate {vorpal, Str+3 Int+4}
  3106 | D:5      | Reached XP level 7. HP: 61/61 MP: 6/6
  3465 | D:2      | Found a hazy altar of Hepliaklqana.
  3964 | D:5      | Found a snail-covered altar of Cheibriados.
  4051 | D:5      | Reached skill level 7 in Axes
  4096 | D:5      | Found a staircase to the Ecumenical Temple.
  4104 | Temple   | Entered the Ecumenical Temple
  4147 | Temple   | Became a worshipper of the Shining One
  4249 | D:6      | Found a shadowy altar of Dithmenos.
  4946 | D:6      | Reached XP level 8. HP: 59/70 MP: 7/7
  5684 | D:6      | HP: 3/70 [electric eel/bolt of electricity (4)]
  5687 | D:6      | The Shining One protects you from harm!
  5955 | D:6      | Reached skill level 8 in Axes
  6355 | D:6      | Reached skill level 1 in Stealth
  7481 | D:7      | Reached skill level 9 in Axes
  7487 | D:7      | Reached skill level 5 in Shields
  7708 | D:7      | Found a stormy altar of Qazlal.
  7862 | D:7      | Found a burning altar of Makhleb.
  7862 | D:7      | Found a broken altar of Ashenzari.
  7984 | D:8      | Found a flagged portal.
  8095 | Bailey   | Entered a bailey
  8494 | Bailey   | Reached XP level 9. HP: 73/78 MP: 8/8
  8506 | Bailey   | Reached skill level 10 in Axes
  8859 | Bailey   | Found a bloodstained altar of Trog.
  8872 | Bailey   | Got Sif Muna's Directory of Mutated Combustion
  9370 | D:9      | Reached * piety under the Shining One
  9516 | D:9      | Reached skill level 11 in Axes
  9645 | D:9      | Found a sparkling altar of Nemelex Xobeh.
  9979 | D:10     | Entered Level 10 of the Dungeon
 10035 | D:10     | Noticed a tengu conjurer
 10044 | D:10     | Noticed a tengu conjurer
 10051 | D:10     | Killed a tengu conjurer
 10052 | D:10     | Reached XP level 10. HP: 51/86 MP: 6/9
 10055 | D:10     | Found an iron altar of Okawaru.
 10062 | D:10     | Reached skill level 10 in Armour
 10125 | D:10     | HP: 1/86 [tengu conjurer/bolt of lightning (25)]
 10293 | D:10     | Reached skill level 12 in Axes
 10305 | D:10     | Noticed a two-headed ogre
 10700 | D:10     | Killed a two-headed ogre
 11660 | D:10     | Found a staircase to the Orcish Mines.
 12063 | D:10     | Found a hazy altar of Hepliaklqana.
 12992 | D:11     | Noticed a death yak
 12999 | D:11     | Noticed a death yak
 13000 | D:11     | Noticed a death yak
 13001 | D:11     | Noticed a death yak
 13001 | D:11     | Reached ** piety under the Shining One
 13002 | D:11     | Noticed a death yak
 13005 | D:11     | Noticed a boulder beetle
 13007 | D:11     | Killed a death yak
 13008 | D:11     | Reached skill level 13 in Axes
 13014 | D:11     | Killed a death yak
 13497 | D:11     | Found a staircase to the Lair.
 13615 | D:11     | Reached XP level 11. HP: 97/97 MP: 10/10
 13800 | D:11     | Reached skill level 14 in Axes
 14162 | D:11     | Found Esefogua's Book Shop.
 14207 | D:11     | Killed a death yak
 14213 | D:11     | Killed a death yak
 14616 | D:12     | Noticed a two-headed ogre
 14621 | D:12     | Killed a two-headed ogre
 14874 | D:12     | Noticed a deep elf pyromancer
 14894 | D:12     | Reached skill level 10 in Fighting
 14910 | D:12     | Reached *** piety under the Shining One
 14916 | D:12     | Reached skill level 1 in Throwing
 14916 | D:12     | Killed a deep elf pyromancer
 14917 | D:12     | Reached skill level 15 in Axes
 14925 | D:12     | Noticed a death knight
 14931 | D:12     | Killed a death knight
 14942 | D:12     | Noticed a skeletal warrior
 14948 | D:12     | Noticed a skeletal warrior
 14973 | D:12     | Killed a skeletal warrior
 14989 | D:12     | Killed a skeletal warrior
 15233 | D:12     | Noticed a skeletal warrior
 15237 | D:12     | Noticed a skeletal warrior
 15238 | D:12     | Noticed a skeletal warrior
 15256 | D:12     | HP: 4/101 [enormous slime creature (59)]
 15257 | D:12     | The Shining One protects you from harm!
 15258 | D:12     | Annihilated by an enormous slime creature

Illustrated notes

Levels and vault maps discovered:
D:1:      minmay_arrival_arboretum_small, layout_basic, serial_shops,
          nicolae_lakefront_shop, hellmonk_ecumenical_altar_inner_sanctum
D:2:      layout_rooms, basic_altar, item_on_display_a
D:3:      layout_basic, lightli_temple_of_fire, led_sif_pool
D:4:      layout_loops_ring, nzn_wu_jian_council_hall
D:5:      layout_cave_pools, slow_altar_1, lemuel_crystal_altar,
          minmay_temple_entry_statues_pillars
D:6:      layout_loops_ring, kennysheep_mini, serial_bayou, serial_bayou_pond_d,
          serial_bayou_lake_a, serial_bayou_pond_e, serial_bayou_pond_c
D:7:      layout_loops_ring, nicolae_qazlal_eye_of_the_storm,
          chequers_temple_overflow_statue_of_worship, minivault_5,
          grunt_ministairs_7
D:8:      layout_basic, fedhas_altar_1, enter_bailey_2, mrwooster_statue_mirror,
          feat_on_display, uniq_grum, uniq_maggie
D:9:      layout_cave_pools, old_standard_altar, nicolae_straight_to_the_point
D:10:     layout_basic, worldfamousw_hep_ancestral_shrine, okawaru_trees_1,
          orc_0_dummy
D:11:     layout_roguey, dpeg_lair_monsters, serial_shops,
          nicolae_shop_statue_plus
D:12:     minmay_cut_squares, layout_loops_corners
Temple:   nicolae_temple_ecumenical_triangle

Skill      XL: |  1  2  3  4  5  6  7  8  9 10 11 |
---------------+----------------------------------+-----
Fighting       | 4 5 6 7 9 10 | 10.6
Armour         | 4 5 6 8 9 10 11 | 11.4
Axes           | 3 4 6 7 9 11 13 15 | 15.6
Dodging        | 1 2 4 |  4.4
Shields        | 4 5 6 |  6.5
Stealth        | 1 2 |  2.1
Throwing       | 2 |  2.0
Evocations     | |  0.5

Action                   |  1- 3 |  4- 6 |  7- 9 | 10-12 || total
-------------------------+-------+-------+-------+-------++-------
Melee: War axe           |    40 |       |       |       ||    40
       Headbutt          |     4 |    12 |    56 |    58 ||   130
       Broad axe         |       |   102 |   255 |   225 ||   582
Throw: Javelin           |       |       |       |     9 ||     9
       Dart              |       |       |       |     3 ||     3
Evoke: Wand              |       |       |     1 |       ||     1
  Use: Scroll            |       |       |    19 |     4 ||    23
       Potion            |       |       |     1 |     4 ||     5
Armor: Scale mail        |    20 |    53 |    23 |       ||    96
       Plate armour      |       |       |   138 |    33 ||   171
       Ring mail         |       |       |     7 |    48 ||    55
Dodge: Dodged            |    25 |    59 |    96 |    89 ||   269
Block: Buckler           |    14 |    33 |    59 |    45 ||   151
